 Dungeon Crawl Stone Soup version 0.31-a0-702-gf82c85558f (webtiles) character file.

Game seed: 10221567594394532928

67 qw the Shooter (level 4, -2/28 HPs)
             Began as a Gargoyle Hunter on Sept 8, 2023.
             Slain by Ijyb
             ... wielding a +0 club
              (4 damage)
             ... on level 2 of the Dungeon.
             The game lasted 00:00:34 (765 turns).

qw the Shooter (Gargoyle Hunter)                     Turns: 765, Time: 00:00:35

Health: -2/28      AC:  6    Str: 15    XL:     4   Next: 18%
Magic:  4/4        EV: 11    Int:  9    God:
Gold:   65         SH:  0    Dex: 15    Spells: 3/3 levels left

rFire   . . .        Y - +0 shortbow
rCold   . . .        (shield currently unavailable)
rNeg    + . .        c - +0 leather armour
rPois   inf          (no helmet)
rElec   +            (no cloak)
rCorr   .            (no gloves)
SInv    .            (no boots)
Will    .....        (no amulet)
Stlth   ++           (no ring)
HPRegen 0.24/turn    (no ring)
MPRegen 0.09/turn

%: no passive effects
@: no status effects
A: sickness immunity, AC +3, negative energy resistance 1, electricity
resistance, torment resistance 1, petrification resistance
a: no special abilities


You were on level 2 of the Dungeon.
You visited 1 branch of the dungeon, and saw 2 of its levels.

You collected 65 gold pieces.


Innate Abilities, Weirdness & Mutations

You are immune to sickness and miasma.
Your stone body is resilient. (AC +3)
You are immune to poison.
You resist negative energy. (rN+)
You are resistant to electric shocks. (rElec)
You are resistant to unholy torment.
You are immune to petrification.


   Skills:
 - Level 3.0 Fighting
 + Level 5.2 Ranged Weapons
 - Level 1.5 Dodging
 - Level 1.1 Stealth


You had 3 spell levels left.
You didn't know any spells.
Your spell library was empty.

Inventory:

Hand Weapons
 Y - a +0 shortbow (weapon)
Armour
 c - a +0 leather armour (worn)
Jewellery
 b - a +5 ring of evasion
Scrolls
 i - a scroll of identify
Potions
 a - a potion of degeneration {unknown}
 d - a potion of mutation {unknown}
 f - a potion of heal wounds {unknown}
 h - a potion of magic {unknown}
 k - a potion of invisibility {unknown}

Dungeon Overview and Level Annotations

Branches:
Dungeon (2/15)

Altars:

Annotations:
D:2 Ijyb


Message History

A goblin comes into view. It is wielding a +0 dagger.
You shoot an arrow. The goblin shouts!
The arrow hits Ijyb.
Ijyb is heavily wounded.
You hear a shout!
751 ||| Stepping ~*~*~tactically~*~*~ (outnumbered).
753 ||| Stepping ~*~*~tactically~*~*~ (outnumbered).
There is a stone staircase leading down here.
You shoot an arrow. The arrow barely misses Ijyb.
Ijyb zaps a wand.
The puff of flame hits you.
You shoot an arrow. The arrow barely misses Ijyb.
Ijyb zaps a wand.
The puff of flame hits you!
You shoot an arrow. The arrow hits Ijyb.
Ijyb is severely wounded.
757 ||| FLEEEEING.
You shoot an arrow. The arrow hits the goblin!
You kill the goblin!
You shoot an arrow. The arrow hits Ijyb.
Ijyb is almost dead.
You shoot an arrow. The arrow hits Ijyb but does no damage.
Ijyb is almost dead.
Ijyb zaps a wand.
The puff of flame hits you. Ijyb closely misses you.
You shoot an arrow. The arrow closely misses Ijyb.
The goblin hits you with a +0 club. Ijyb hits you but does no damage.
You shoot an arrow. The arrow closely misses Ijyb.
The goblin barely misses you. Ijyb hits you with a +0 club.
You shoot an arrow. The arrow hits Ijyb.
Ijyb is almost dead.
The goblin barely misses you. Ijyb hits you but does no damage.
You shoot an arrow. The arrow closely misses Ijyb.
The goblin hits you but does no damage. Ijyb closely misses you.
The goblin hits you but does no damage.
You shoot an arrow. The arrow hits Ijyb but does no damage.
Ijyb is almost dead.
Ijyb zaps a wand.
The puff of flame hits you. The goblin hits you with a +0 club.
Ijyb screams, "Die!"
Ijyb hits you with a +0 club.
You die...

#............#
##.....#.#
###..........#
#.##....#
#<...[.....#
#....#..##
#..........#
###..#....
#..........#
##.....#
##:.......####
###..##.#
#............
....###.#
#..........#
......##..
#........@.#
#.##......
#........gg#
..[..###).
#........).# ..
.###..
#............##
.......
#...................
..#....
#....#########).....
#.##. #.... 8g....
#. #. ##... .g...
..#.. ##.. ..... .#
#..


You could see Ijyb and a goblin.

Vanquished Creatures
  2 adders (D:2)
  4 endoplasms
  4 giant cockroaches
  8 goblins
  2 hobgoblins
  2 jackals
  5 kobolds
  9 ball pythons
  4 bats
  4 frilled lizards
  3 rats (D:1)
47 creatures vanquished.

Notes
Turn   | Place    | Note
-------+----------+-------------------------------------------
     0 | D:1      | qw the Gargoyle Hunter began the quest for the Orb.
     0 | D:1      | Reached XP level 1. HP: 12/12 MP: 1/1
     0 | D:1      | 0 ||| qw: Version: 0.3-a-76-g4403597
     0 | D:1      | 0 ||| qw: Game counter: 948
     0 | D:1      | 0 ||| qw: Melee chars always use a shield: true
     0 | D:1      | 0 ||| qw: God list: Okawaru
     0 | D:1      | 0 ||| qw: Allow faded altars: false
     0 | D:1      | 0 ||| qw: Do Orc after clearing Dungeon:15 true
     0 | D:1      | 0 ||| qw: Do second Lair branch before Depths: true
     0 | D:1      | 0 ||| qw: Lair rune preference: random
     0 | D:1      | 0 ||| qw: Goals: Normal
     0 | D:1      | 0 ||| PLANNING D:1-11
    65 | D:1      | Reached XP level 2. HP: 17/17 MP: 2/2
   242 | D:1      | Reached XP level 3. HP: 21/21 MP: 3/3
   274 | D:1      | 274 ||| READING scroll labelled DARENTO OBBOTZINUT.
   276 | D:1      | 276 ||| READING scroll labelled QOASID WOSS.
   277 | D:1      | 277 ||| READING 3 scrolls labelled HUUMEM CUFA.
   280 | D:1      | Reached skill level 5 in Ranged Weapons
   400 | D:1      | 400 ||| READING scroll labelled YVIR YNIEF.
   401 | D:1      | 401 ||| READING scroll labelled KUGAPH UTITZ.
   402 | D:1      | 402 ||| READING 2 scrolls of identify.
   402 | D:1      | 402 ||| IDENTIFYING murky ruby potion
   403 | D:1      | 403 ||| DROPPING scroll of butterflies.
   404 | D:1      | 404 ||| DROPPING potion of lignification.
   428 | D:2      | 428 ||| STAIRDANCE
   539 | D:2      | Reached skill level 3 in Fighting
   712 | D:2      | Reached XP level 4. HP: 27/28 MP: 4/4
   743 | D:2      | 743 ||| Stepping ~*~*~tactically~*~*~ (outnumbered).
   748 | D:2      | Noticed Ijyb
   751 | D:2      | 751 ||| Stepping ~*~*~tactically~*~*~ (outnumbered).
   753 | D:2      | 753 ||| Stepping ~*~*~tactically~*~*~ (outnumbered).
   757 | D:2      | 757 ||| FLEEEEING.
   765 | D:2      | HP: 4/28 [Ijyb/puff of flame (6)]
   765 | D:2      | Slain by Ijyb

Levels and vault maps discovered:
D:1:      nicolae_arrival_memento_mori, layout_basic, serial_glass,
          glass_columns_c, glass_columns_a
D:2:      kennysheep_the_goblin_king, layout_rooms

Skill      XL: |  1  2  3 |
---------------+----------+-----
Ranged Weapons | 5 |  5.2
Fighting       | 3 |  3.0
Dodging        | |  1.5
Stealth        | |  1.1

Action                     |  1- 3 |  4- 6 || total
---------------------------+-------+-------++-------
   Fire: Shortbow          |   129 |    24 ||   153
    Use: Scroll            |     6 |       ||     6
 Armour: Leather armour    |    29 |    13 ||    42
  Dodge: Dodged            |    28 |     8 ||    36

Table legend:
 A = Non-vault XP
 B = Vault XP
 C = Vault XP percentage of total XP
 D = Non-vault monster count
 E = Vault monster count
 F = Vault count percentage of total count
                 A         B        C        D         E       F
            +---------+---------+-------+---------+---------+-------
      Total |      89 |       8 |   8.2 |      43 |       4 |   8.5
            +---------+---------+-------+---------+---------+-------
        D:1 |      46 |       0 |   0.0 |      30 |       0 |   0.0
        D:2 |      43 |       8 |  15.7 |      13 |       4 |  23.5
            +---------+---------+-------+---------+---------+-------
